Selects Air and Sea Battlegroup
Construct Section Command Post
Construct Platoon Command Post
Unlock M3 Stuart Light Tanks
Selects Commando Section Paradrop
Commando Section Paradrop
Selects M1 Pack Howitzer Paradrop
M1 Pack Howitzer Paradrop
Construct Company Command Post
Selects Incendiary Bombing Run
Commando Section Paradrop
Selects Centaur Medium Tank
6-pounder Anti-tank Gun Team
Commando Section Paradrop